Map: [ESL] Royal Blood

Players

Elazer

  • Race: Zerg Zerg

Classic - Winner!

  • Race: Protoss Protoss

Event: IEM Katowice 2023

VOD

Have the link to the VOD?

Description

Time

  • Played on: Feb. 8, 2023, 12:01 p.m.
  • Length: 11:10

All games in this series

Show
View Real Time Build Order
Export as new Build Order

Elazer Zerg 

Build Orders: Hatch First, Roach Hydra 

Get SALT Encoding   

  12  0:00  Drone  
  13  0:12  Overlord  
  13  0:16  Drone  
  14  0:30  Drone x2  
  16  0:48  Hatchery  
  15  0:51  Drone  
  15  0:56  Drone  
  17  0:58  Drone  
  18  1:10  Extractor  
  17  1:13  Spawning Pool  
  17  1:17  Drone  
  17  1:20  Drone  
  18  1:27  Drone  
  19  1:38  Drone  
  20  1:49  Overlord  
  20  2:00  Queen x2  
  24  2:03  Drone, Zergling x2  
  26  2:11  Zergling x2  
  26  2:12  Metabolic Boost, Drone  
  28  2:22  Drone x2  
  30  2:31  Drone  
  30  2:34  Drone  
  30  2:36  Queen  
  34  2:44  Overlord, Drone  
  35  2:53  Hatchery  
  35  2:56  Drone  
  35  3:04  Queen  
  37  3:06  Overlord  
  37  3:08  Drone  
  37  3:09  Spore Crawler  
  37  3:16  Drone x3  
  37  3:19  Drone  
  41  3:22  Queen  
  41  3:26  Drone  
  44  3:30  Drone x2  
  46  3:37  Drone  
  46  3:38  Overlord  
  47  3:41  Queen  
  47  3:47  Drone x3  
  52  3:57  Drone x2  
  52  3:58  Drone x3  
  52  4:02  Roach Warren, Queen  
  56  4:05  Overlord  
  58  4:13  Zergling x8  
  62  4:21  Overlord  
  62  4:22  Zergling x2  
  62  4:23  Zergling x2  
  64  4:25  Zergling x6  
  67  4:33  Zergling x2  
  67  4:34  Zergling x6  
  71  4:41  Zergling x2  
  71  4:42  Zergling x2  
  71  4:45  Spore Crawler x2  
  72  4:48  Spore Crawler, Zergling x10  
  75  4:58  Overlord  
  72  5:02  Spore Crawler  
  67  5:10  Drone x9  
  76  5:15  Drone  
  76  5:20  Drone x2  
  80  5:26  Drone x4  
  84  5:30  Overlord  
  84  5:31  Drone x3  
  85  5:36  Drone  
  85  5:41  Overlord  
  86  5:43  Extractor, Lair, Drone  
  86  5:48  Overlord x2  
  86  5:54  Extractor  
  86  5:56  Extractor  
  84  5:58  Overlord  
  84  6:00  Roach x7  
  84  6:03  Overlord  
  98  6:13  Drone x4  
  102  6:23  Overlord  
  102  6:29  Baneling Nest  
  102  6:30  Drone x5  
  106  6:33  Drone x2  
  106  6:36  Overlord  
  106  6:39  Drone x4  
  111  6:40  Hatchery  
  111  6:41  Glial Reconstitution  
  111  6:44  Evolution Chamber  
  111  6:45  Extractor  
  111  6:46  Extractor  
  107  6:49  Overlord  
  107  6:50  Drone x4  
  112  6:54  Drone  
  112  7:00  Infestation Pit  
  111  7:01  Drone x7  
  118  7:09  Zerg Missile Weapons Level 1  
  118  7:10  Overlord  
  118  7:13  Roach x3  
  118  7:14  Roach, Ravager  
  127  7:21  Roach x3  
  133  7:28  Roach x5  
  139  7:33  Overlord  
  139  7:36  Centrifugal Hooks  
  139  7:41  Hive  
  139  7:43  Roach x3  
  145  7:45  Overlord  
  145  7:46  Overlord  
  145  7:47  Drone  
  145  8:08  Overlord, Hydralisk Den, Drone  
  145  8:10  Extractor  
  145  8:11  Drone x3  
  147  8:14  Roach x2, Zergling x20  
  147  8:17  Overseer  
  147  8:19  Zergling x6  
  164  8:22  Hatchery  
  163  8:27  Drone x3  
  160  8:34  Drone  
  160  8:35  Drone x3  
  160  8:39  Muscular Augments  
  163  8:47  Hydralisk  
  163  8:48  Hydralisk x7  
  175  8:53  Viper  
  182  8:56  Overlord  
  182  9:01  Viper, Spore Crawler x2  
  185  9:20  Hydralisk x3  
  191  9:31  Evolution Chamber  
  191  9:37  Hydralisk x4  
  198  9:46  Baneling x9  
  198  9:48  Baneling x11  
  198  9:49  Baneling  
  198  9:50  Grooved Spines  
  198  9:53  Extractor  
  198  9:54  Drone  
  189  10:12  Overlord x3  
  165  10:24  Hydralisk x8  
  165  10:26  Roach x2  
  165  10:34  Roach x10  
  182  10:42  Zergling x2  
  182  10:43  Zergling x2  
Show
View Real Time Build Order
Export as new Build Order

Classic Protoss - Winner!

Build Orders: 1 Gate Expand, Zealot Archon, Dark Templar Rush 

Get SALT Encoding   

  12  0:00  Probe  
  13  0:13  Pylon  
  13  0:17  Probe (Chrono Boost)  
  14  0:27  Probe (Chrono Boost)  
  15  0:32  Probe (Chrono Boost)  
  16  0:40  Gateway  
  16  0:44  Probe  
  16  0:49  Assimilator  
  17  0:56  Probe  
  18  1:08  Probe  
  19  1:20  Probe  
  20  1:26  Nexus  
  20  1:32  Probe  
  21  1:39  Cybernetics Core  
  21  1:44  Probe  
  22  1:49  Assimilator  
  22  1:55  Pylon  
  22  1:57  Probe  
  23  2:12  Adept (Chrono Boost)  
  23  2:13  Probe  
  26  2:18  Twilight Council  
  26  2:25  Probe  
  26  2:28  Warp Gate  
  27  2:35  Stalker  
  29  2:37  Probe (Chrono Boost)  
  29  2:38  Probe (Chrono Boost)  
  31  2:47  Probe (Chrono Boost)  
  31  2:48  Probe (Chrono Boost)  
  33  2:52  Probe (Chrono Boost)  
  33  2:53  Probe (Chrono Boost)  
  33  2:57  Robotics Facility  
  35  3:03  Probe  
  35  3:05  Probe  
  37  3:15  Probe, Dark Shrine  
  37  3:17  Probe  
  39  3:20  Gateway  
  39  3:26  Gateway  
  39  3:29  Adept  
  39  3:33  Probe x2  
  43  3:38  Pylon  
  43  3:42  Warp Prism (Chrono Boost)  
  45  3:49  Probe  
  45  3:54  Pylon  
  46  3:56  Probe  
  46  4:01  Probe  
  48  4:05  Pylon  
  48  4:10  Probe  
  48  4:13  Probe  
  48  4:14  Assimilator  
  48  4:16  Adept  
  48  4:17  Adept  
  54  4:20  Adept  
  56  4:29  Pylon  
  56  4:37  Assimilator  
  56  4:38  Dark Templar x2  
  60  4:42  Dark Templar  
  62  4:48  Nexus  
  62  4:50  Pylon  
  62  5:01  Probe x2  
  64  5:13  Probe x2  
  64  5:18  Robotics Bay  
  64  5:19  Forge  
  64  5:21  Shield Battery  
  64  5:23  Stalker  
  64  5:24  Stalker  
  64  5:27  Zealot  
  70  5:30  Pylon  
  70  5:33  Archon  
  71  5:35  Probe x2  
  71  5:36  Pylon  
  72  5:45  Protoss Ground Weapons Level 1, Observer  
  72  5:47  Probe (Chrono Boost)  
  72  5:48  Sentry, Probe (Chrono Boost)  
  72  5:49  Stalker x2  
  81  5:59  Assimilator  
  81  6:00  Probe x2 (Chrono Boost)  
  81  6:02  Probe (Chrono Boost)  
  84  6:06  Disruptor (Chrono Boost)  
  84  6:08  Probe (Chrono Boost)  
  84  6:09  Probe x2 (Chrono Boost)  
  90  6:14  Probe x2 (Chrono Boost)  
  90  6:15  Probe (Chrono Boost)  
  90  6:18  Gateway  
  93  6:20  Gateway  
  93  6:23  Gateway  
  93  6:26  Probe x2  
  93  6:30  Probe  
  93  6:31  Pylon  
  96  6:33  Colossus (Chrono Boost)  
  96  6:38  Probe x2  
  104  6:45  Assimilator, Extended Thermal Lance  
  104  6:46  Pylon  
  104  6:50  Probe x2  
  104  6:51  Probe  
  107  6:59  Gateway  
  107  7:00  Gateway  
  107  7:01  Pylon  
  107  7:08  Sentry x3  
  107  7:14  Colossus (Chrono Boost)  
  119  7:27  Blink  
  119  7:28  Nexus  
  119  7:29  Pylon  
  119  7:33  Stalker x5  
  129  7:53  Protoss Ground Weapons Level 2 (Chrono Boost)  
  129  7:57  Pylon  
  129  7:58  Shield Battery, Colossus (Chrono Boost), Probe x3  
  138  8:12  Pylon  
  138  8:13  Robotics Facility  
  138  8:16  Stalker x3  
  138  8:18  Pylon  
  144  8:20  Zealot x2  
  144  8:23  Pylon  
  144  8:24  Pylon  
  148  8:34  Stalker x3  
  150  8:44  Assimilator  
  150  8:45  Disruptor (Chrono Boost)  
  153  8:51  Probe x3  
  153  8:54  Stalker x3  
  153  8:55  Stalker x2  
  166  9:03  Stalker x3  
  172  9:15  Photon Cannon, Disruptor (Chrono Boost)  
  172  9:18  Disruptor (Chrono Boost)  
  172  9:20  Observer  
  172  9:23  Photon Cannon  
  178  9:25  Assimilator  
  178  9:28  Photon Cannon  
  178  9:32  Stalker x3  
  178  9:33  Stalker x3  
  178  9:36  Stalker  
  178  9:38  Zealot  
  194  9:48  Pylon  
  194  9:57  Nexus  
  194  10:05  Observer  
  195  10:10  Stalker x2  
  197  10:15  Stalker x3  
  197  10:16  Stalker  
  155  10:29  Stalker x2  
  155  10:33  Stalker x2  
  160  10:49  Stalker x4  
  163  10:53  Stalker x2  
  148  10:57  Stalker x2  

Tags
 
Add a new tag
Caveats
  • Supply blocks, unpowered buildings, or Contaminate may cause inaccurate times.
  • Supply counts are checked every 10 seconds.